 Dungeon Crawl Stone Soup version 0.21-a0-140-g479285b (webtiles) character file.

137 Leszczynek the Cudgeler (level 5, -1/44 HPs)
             Began as a Hill Orc Arcane Marksman on July 21, 2017.
             Slain by a sky beast (5 damage)
             ... on level 4 of the Dungeon.
             The game lasted 00:09:57 (1831 turns).

Leszczynek the Cudgeler (Hill Orc Arcane Marksman)  Turns: 1831, Time: 00:09:58

Health: -1/44      AC:  6    Str: 13 (14) XL:     5   Next: 20%
Magic:  4/6        EV:  9    Int: 15 (18) God:
Gold:   93         SH:  0    Dex: 10 (11) Spells: 5/6 levels left

rFire    . . .     SeeInvis .   a - +0 war axe
rCold    . . .     Gourm    .   (no shield)
rNeg     . . .     Faith    .   q - +0 scale mail
rPois    .         Spirit   .   (no helmet)
rElec    .         Reflect  .   (no cloak)
rCorr    .         Harm     .   (no gloves)
MR       .....                  (no boots)
Stlth    ..........             (no amulet)
HPRegen  0.14/turn              (no ring)
MPRegen  0.10/turn              (no ring)

@: brilliant, very slightly contaminated
A: no striking features
a: no special abilities


You were on level 4 of the Dungeon.
You were not hungry.

You visited 1 branch of the dungeon, and saw 4 of its levels.

You collected 93 gold pieces.

Inventory:

Hand Weapons
 a - a +0 war axe (weapon)
 i - a +0 hunting sling
 v - a +0 mace
Missiles
 f - 2 tomahawks (quivered)
 j - 16 bolts
 t - 32 sling bullets
Armour
 c - a +0 robe
 l - a +0 ring mail
 q - a +0 scale mail (worn)
Jewellery
 n - an uncursed ring of ice
Scrolls
 k - a scroll of magic mapping {unknown}
 o - a scroll of identify {unknown}
 p - a scroll of immolation {unknown}
 r - a scroll of fear {unknown}
 s - a scroll of enchant weapon {unknown}
 u - a scroll of remove curse {@r2}
Books
 b - a book of Debilitation

   Spells                             Type                      Level
   a - Corona                         Hexes                        1
   b - Slow                           Hexes                        2
   c - Inner Flame                    Hexes/Fire                   3
   d - Portal Projectile              Hexes/Translocation          3
   e - Cause Fear                     Hexes                        4
   f - Leda's Liquefaction            Hexes/Earth                  4
Comestibles
 d - 2 bread rations


   Skills:
 - Level 2.9 Fighting
 + Level 1.5(3.5) Axes
 - Level 4.1(4.2) Maces & Flails
 - Level 1.7 Throwing
 - Level 1.5 Dodging
 - Level 1.0 Spellcasting
 - Level 3.0 Hexes


You had 5 spell levels left.
You knew the following spells:

 Your Spells              Type           Power        Failure   Level  Hunger
a - Corona                Hex            ###....      4%          1    ##.....


Dungeon Overview and Level Annotations

Branches:
Dungeon (4/15)
 Temple: D:4-7

Altars:
Okawaru


Message History

Aiming: Corona
Press: ? - help, Shift-Dir - straight line The sky beast is outlined in light.
The sky beast hits you.
* * * LOW HITPOINT WARNING * * *
The sky beast shocks you.
* * * LOW HITPOINT WARNING * * *
Unknown command.
You slash the sky beast!
The sky beast is severely wounded.
The sky beast hits you but does no damage.
You closely miss the sky beast.
The sky beast is severely wounded.
The sky beast hits you but does no damage.
The sky beast closely misses you.
You hit the sky beast.
The sky beast is severely wounded.
The sky beast hits you.
* * * LOW HITPOINT WARNING * * *
The sky beast shocks you.
You die...

...# #.....§...##
######.###...<.##≈##
..............###.####
##.......#.........#
#.......######.##.#
#.......######.##.#
..................##.#
.###.......##.######.##
#.......##@# ##...##
#.......##Y####.....#
......#####(........(#
######.# ######.....#
#.# ##....# #.# ##.#.#
#.# #.#.# #.## #.#.#
#######.. ####...#


You could see a sky beast (invisible).

Vanquished Creatures
  An orc priest (D:3)
  A worker ant (D:4)
  3 adders
  2 leopard geckos (D:3)
  5 orcs
  3 ball pythons
  4 bats
  2 giant cockroaches
  3 goblins
  4 hobgoblins
  7 jackals
  2 kobolds
  3 quokkas (D:3)
  4 frilled lizards
  2 rats
46 creatures vanquished.

Notes
Turn   | Place    | Note
-------+----------+-------------------------------------------
     0 | D:1      | Leszczynek the Hill Orc Arcane Marksman began the quest for the Orb.
     0 | D:1      | Reached XP level 1. HP: 16/16 MP: 2/2
    43 | D:1      | Reached skill level 2 in Fighting
   214 | D:1      | Reached XP level 2. HP: 6/25 MP: 3/3
   413 | D:2      | HP: 5/25 [ball python (1)]
   417 | D:2      | HP: 2/25 [bat (1)]
   427 | D:2      | HP: 1/25 [bat (1)]
   432 | D:2      | HP: 1/25 [bat (1)]
   659 | D:3      | Found an iron altar of Okawaru.
   788 | D:3      | Reached skill level 1 in Maces & Flails
   801 | D:3      | Reached XP level 3. HP: 11/30 MP: 4/4
   983 | D:4      | Noticed an ogre
  1041 | D:3      | HP: 5/30 [orc priest/divine providence (12)]
  1042 | D:3      | Reached skill level 2 in Maces & Flails
  1042 | D:3      | Reached XP level 4. HP: 6/37 MP: 5/5
  1173 | D:3      | Reached skill level 3 in Maces & Flails
  1382 | D:4      | Noticed a sky beast
  1425 | D:3      | Reached skill level 4 in Maces & Flails
  1483 | D:3      | Reached XP level 5. HP: 31/44 MP: 6/6
  1550 | D:2      | Reached skill level 1 in Axes
  1822 | D:4      | wow, can it stop disappearing 1 turn after appearing?
  1822 | D:4      | nice gameplay
  1828 | D:4      | HP: 4/44 [sky beast (5)]
  1831 | D:4      | Slain by a sky beast

Vault maps used:
D:1:      dpeg_arrival_arbitrary_b
D:2:      first_bread, kennysheep_generic_room_7
D:3:      cheibrodos_pilgrimage, okawaru_trees_2
D:4:      portal_sewer_entry_a

Skill      XL: |  1  2  3  4  5 |
---------------+----------------+-----
Fighting       | 2 |  2.9
Maces & Flails | 1 2 4 |  4.1
Axes           | 1 |  1.5
Throwing       | |  1.7
Dodging        | |  1.5
Spellcasting   | |  1.0
Hexes          | |  3.0

Action                   |  1- 3 |  4- 6 || total
-------------------------+-------+-------++-------
Melee: Unarmed           |    56 |       ||    56
       Mace              |    52 |    51 ||   103
       War axe           |       |    43 ||    43
Throw: Javelin           |    20 |     7 ||    27
       Throwing net      |     5 |     1 ||     6
 Cast: Corona            |       |     1 ||     1
  Use: Potion            |     1 |     3 ||     4
       Scroll            |       |     1 ||     1
 Stab: Held in net/web   |     1 |       ||     1
  Eat: Chunk             |     1 |     3 ||     4
Armor: Robe              |    25 |       ||    25
       Ring mail         |    12 |       ||    12
       Scale mail        |     3 |    59 ||    62
Dodge: Dodged            |    76 |    63 ||   139
